 Dungeon Crawl Stone Soup version 0.20.0-10-g0535bb4 (console) character file.

73 removed the Skirmisher (level 4, 0/31 HPs)
             Began as a Halfling Air Elementalist on June 6, 2017.
             Was a Follower of Qazlal.
             Slain by an adder (4 damage)
             ... on level 2 of the Dungeon.
             The game lasted 00:04:00 (1490 turns).

removed the Skirmisher (Halfling Air Elementalist)  Turns: 1490, Time: 00:04:00

Health: 0/31       AC:  2    Str:  9    XL:     4   Next: 51%
Magic:  6/6        EV: 15    Int: 13    God:    Qazlal [*.....]
Gold:   90         SH:  2    Dex: 15    Spells: 5/6 levels left

rFire    . . .     SeeInvis .   a - +0 quarterstaff
rCold    . . .     Gourm    .   (shield currently unavailable)
rNeg     . . .     Faith    .   o - +0 robe
rPois    .         Spirit   .   (no helmet)
rElec    .         Reflect  .   (no cloak)
rCorr    .         Harm     .   (no gloves)
MR       .....                  (no boots)
Stlth    ++........             k - amulet of regeneration
Regen    0.5/turn               (no ring)
MPRegen  0.1/turn               (no ring)

@: lethally poisoned (0 -> -1)
A: mutation resistance 1
a: Renounce Religion


You were on level 2 of the Dungeon.
You worshipped Qazlal.
Qazlal was aware of your devotion.
You were hungry.

You visited 1 branch of the dungeon, and saw 2 of its levels.

You collected 90 gold pieces.

Inventory:

Hand Weapons
 a - a +0 quarterstaff (weapon)
 d - a +0 mace
 t - a +1 hand axe of chopping
Missiles
 i - 5 curare-tipped needles
Armour
 o - a +0 robe (worn)
 p - a +0 shield
 q - a +0 buckler
Jewellery
 k - an amulet of regeneration (around neck)
 m - an uncursed amulet of faith {unknown}
Scrolls
 g - 2 scrolls of recharging {unknown}
 h - a scroll of identify {unknown}
 l - 2 scrolls of remove curse {unknown}
 n - 3 scrolls of teleportation {unknown}
 s - a scroll of blinking {unknown}
Books
 b - a book of Air

   Spells                             Type                      Level
   a - Shock                          Conjuration/Air              1
   b - Swiftness                      Charms/Air                   2
   c - Static Discharge               Conjuration/Air              3
   d - Airstrike                      Air                          4
   e - Lightning Bolt                 Conjuration/Air              5
 u - a book of Minor Magic

   Spells                             Type                      Level
   a - Magic Dart                     Conjuration                  1
   b - Blink                          Translocation                2
   c - Call Imp                       Summoning                    2
   d - Slow                           Hexes                        2
   e - Conjure Flame                  Conjuration/Fire             3
   f - Mephitic Cloud                 Conjuration/Poison/Air       3
Comestibles
 c - 2 bread rations
 j - 2 royal jellies
 v - a chunk of flesh


   Skills:
 - Level 3.1 Fighting
 + Level 2.6 Dodging
 - Level 2.1 Stealth
 - Level 1.5 Spellcasting
 - Level 0.7 Conjurations
 - Level 3.0 Air Magic


You had 5 spell levels left.
You knew the following spells:

 Your Spells              Type           Power        Failure   Level  Hunger
a - Shock                 Conj/Air       #...         12%         1    ##.....


Dungeon Overview and Level Annotations

Branches:
Dungeon (2/15)

Altars:
Qazlal

Annotations:
D:2 Terence


Innate Abilities, Weirdness & Mutations

You are small and have problems with some larger weapons.
You are somewhat resistant to further mutation.


Message History

The adder misses you. The adder bites you.
* * * LOW HITPOINT WARNING * * *
You are more poisoned.
The adder poisons you!
Unknown command.
You aren't carrying any potions.
You barely miss the adder.
The adder is heavily wounded.
You feel sick. The adder completely misses you. The adder bites you.
* * * LOW HITPOINT WARNING * * *
Unknown command.
You hit the adder but do no damage.
The adder is heavily wounded.
You feel sick. You block the adder's attack.
Unknown command.
You miss the adder.
The adder is heavily wounded.
You are feeling hungry.
The adder bites you.
You die...

_#.#.........)##
#..............# #
...............# .#
.##............# ##.#
..............######...#
##.##...##...##......#
...###.######..÷###..#
...#.....w....##.Sgg.#
...<.##########.@#..##
...#.# ####..##g.##
...#.# ####....###..g#
.....# #....####
#.#.######## ..)###
#.#### ##g..g.$....#
...# ##.# #............
.†.####..#
#...g.........
........##
#............. ##.##..##
...............


You could see 2 gnolls and an adder.

Vanquished Creatures
  An adder (D:2)
  3 oozes
  A worm (D:2)
  A dart slug (D:1)
  2 leopard geckos
  2 giant cockroaches
  5 goblins
  4 hobgoblins (D:1)
  3 jackals (D:1)
  6 kobolds
  A ball python (D:1)
  7 bats (D:1)
  3 frilled lizards
  5 rats
44 creatures vanquished.

Notes
Turn   | Place    | Note
-------+----------+-------------------------------------------
     0 | D:1      | removed the Halfling Air Elementalist began the quest for the Orb.
     0 | D:1      | Reached XP level 1. HP: 11/11 MP: 3/3
    43 | D:1      | Reached skill level 1 in Fighting
    57 | D:1      | Reached XP level 2. HP: 12/18 MP: 2/4
   264 | D:1      | Reached XP level 3. HP: 16/24 MP: 2/5
   892 | D:2      | Reached XP level 4. HP: 30/30 MP: 6/6
   902 | D:2      | Noticed Terence
  1071 | D:2      | Found a faded altar of an unknown god.
  1088 | D:2      | Became a worshipper of Qazlal Stormbringer
  1088 | D:2      | Reached * piety under Qazlal
  1490 | D:2      | Slain by an adder

Skill      XL: |  1  2  3  4 |
---------------+-------------+-----
Fighting       | 1 2 3 |  3.1
Dodging        | |  2.6
Stealth        | |  2.1
Spellcasting   | |  1.5
Conjurations   | |  0.7
Air Magic      | |  3.0

Action                   |  1- 3 |  4- 6 || total
-------------------------+-------+-------++-------
Melee: Mace              |    45 |       ||    45
       Hand axe          |    16 |       ||    16
       Quarterstaff      |     3 |    58 ||    61
 Cast: Shock             |    14 |       ||    14
 Stab: Sleeping          |     4 |       ||     4
  Eat: Chunk             |       |     2 ||     2
Armor: Robe              |    14 |     6 ||    20
Dodge: Dodged            |    71 |    47 ||   118
Block: Other             |       |     1 ||     1
